 Dungeon Sprint DCSS version 0.22-a0-422-g9628fc8 (webtiles) character file.

63 Goblin1989 the Cudgeler (level 3, -3/31 HPs)
             Began as a Demonspawn Fighter on May 23, 2018.
             Was a Follower of Cheibriados.
             Slain by an orc warrior
             ... wielding a +0 scimitar
              (18 damage)
             ... in the Dungeon (Sprint IX: "|||||||||||||||||||||||||||||").
             The game lasted 00:01:32 (138 turns).

Goblin1989 the Cudgeler (Demonspawn Fighter)         Turns: 138, Time: 00:01:32

Health: -3/31      AC: 13    Str: 19    XL:     3   Next: 87%
Magic:  3/3        EV:  7    Int: 11    God:    Cheibriados [*.....]
Gold:   0          SH:  9    Dex: 14    Spells: 2/2 levels left

rFire    . . .     SeeInvis .   a - +0 flail
rCold    . . .     Gourm    .   c - +0 shield
rNeg     . . .     Faith    .   b - +0 scale mail
rPois    .         Spirit   .   (no helmet)
rElec    .         Reflect  .   (no cloak)
rCorr    .         Harm     .   (no gloves)
MR       .....     NoTele   +   (no boots)
Stlth    ..........             (no amulet)
HPRegen  0.10/turn              (no ring)
MPRegen  0.08/turn              (no ring)

@: sanguine armour, very slightly contaminated, invisible, very slow
A: powered by death 1, sanguine armour 1
a: Bend Time, Renounce Religion


You were in the Dungeon.
You worshipped Cheibriados.
Cheibriados was aware of your devotion.
You were not hungry.

You visited 1 branch

Inventory:

Hand Weapons
 a - a +0 flail (weapon)
 J - the +3 war axe "Xiruil" {chop, Int+6}
   (You found it in the Dungeon)

   It inflicts extra damage upon your enemies.
   It affects your intelligence (+6).
Armour
 b - a +0 scale mail (worn)
 c - a +0 shield (worn)
 K - a +0 cloak
 L - a +0 cloak
Jewellery
 M - a +3 ring of intelligence
 N - a +3 ring of intelligence
Wands
 I - a wand of iceblast (10) {@v4}
Scrolls
 B - 2 scrolls of blinking
 D - 3 scrolls of remove curse {@r3}
Potions
 f - 5 potions of curing {@q1}
 g - 3 potions of heal wounds {@q2}
 h - a potion of haste {@q3,}
 i - 4 potions of magic
 j - a potion of berserk rage
Comestibles
 e - a ration


   Skills:
 + Level 4.5 Fighting
 * Level 4.6 Maces & Flails
 + Level 4.1 Armour
 + Level 4.1 Shields


You had 2 spell levels left.
You didn't know any spells.
Your spell library was empty.

Dungeon Overview and Level Annotations

Branches:
Dungeon (1/1)

Altars:
Cheibriados
Dithmenos
Elyvilon
Fedhas
Gozag
Hepliaklqana
Kikubaaqudgha
Makhleb
Nemelex Xobeh
Okawaru
Qazlal
Ru
Sif Muna
Trog
Uskayaw
Vehumet
Wu Jian
Xom
Yredelemnul
Zin
The Shining One
Beogh
Jiyva
Lugonu


Innate Abilities, Weirdness & Mutations

You regenerate a little health from kills.
When seriously injured, your bleeding wounds create armour. (AC +6)


Message History

There is a white marble altar of Elyvilon here.
There is a shadowy altar of Dithmenos here.
There is a snail-covered altar of Cheibriados here.
There is a roughly hewn altar of Beogh here.
There is a snail-covered altar of Cheibriados here.
You kneel at the altar of Cheibriados.
Cheibriados welcomes you!
Cheibriados begins to support your attributes as your movement slows.
You can now bend time to slow others.
Unknown command.
Press < or > to pray at altars.
There is a shadowy altar of Dithmenos here.
There is a white marble altar of Elyvilon here.
There is a blossoming altar of Fedhas here.
There is an opulent altar of Gozag here.
There is a hazy altar of Hepliaklqana here.
There is a viscous altar of Jiyva here.
There is an ancient bone altar of Kikubaaqudgha here.
There is a corrupted altar of Lugonu here.
There is a burning altar of Makhleb here.
There is a sparkling altar of Nemelex Xobeh here.
There is an iron altar of Okawaru here.
There is a stormy altar of Qazlal here.
There is a sacrificial altar of Ru here.
There is a deep blue altar of Sif Muna here.
There is a bloodstained altar of Trog here.
There is a hide-covered altar of Uskayaw here.
There is a radiant altar of Vehumet here.
There is an ornate altar of the Wu Jian Council here.
There is a shimmering altar of Xom here.
There is a basalt altar of Yredelemnul here.
There is a glowing silver altar of Zin here.
There is a glowing golden altar of the Shining One here.
As you open the door, it creaks loudly!
There is an open door here.
i - 4 potions of magic (gained 2);
C - a potion of invisibility
g - 3 potions of heal wounds {@q2} (gained 2)
f - 5 potions of curing {@q1} (gained 4)
D - 3 scrolls of remove curse {@r3};
B - 2 scrolls of blinking (gained 1)
You see here 2 scrolls of amnesia.
I - a wand of iceblast (10) {@v4} You see here an uncursed staff of energy {@w2, !a, !d!a}.
J - the +3 war axe "Xiruil" {chop, Int+6}
Items here: ))))) a +2 scimitar of holy wrath; a +0 lajatang; a +2 halberd of protection a +2 morningstar of protection; a +2 rapier of speed
K - a +0 cloak
L - a +0 cloak You see here a +1 chain mail.
M - a +3 ring of intelligence
N - a +3 ring of intelligence You open the door.
An orc warrior, a phantom, 3 skeletons and a howler monkey come into view.
The orc warrior shouts!
The howler monkey howls!
The bat skeleton hits you but does no damage. x2
You hit the bat skeleton.
The bat skeleton is severely damaged.
The bat skeleton hits you but does no damage.
You block the bat skeleton's attack.
The bat skeleton hits you but does no damage.
You hit the bat skeleton.
You destroy the bat skeleton!
Cheibriados thoroughly appreciates the change of pace.
Health restored: 31 You block the phantom's attack.
There is an open door to the Dungeon here.
You hit the phantom.
The phantom is lightly damaged.
You block the phantom's attack.
The phantom blinks!
You closely miss the phantom.
The phantom is lightly damaged.
You block the phantom's attack.
You hit the phantom.
The phantom is lightly damaged.
The phantom blinks!
You thump the leopard gecko skeleton!
You destroy the leopard gecko skeleton!
Cheibriados appreciates the change of pace.
Cheibriados slows and strengthens your metabolism.
Cheibriados raises the support of your attributes as your movement slows.
The howler monkey hoots and howls with incredible vigour!
You hear a shout! x2; You hear an angry hiss.
You hear a shout!
You hit the orc warrior but do no damage.
The phantom hits you but does no damage.
You block the orc warrior's attack. The phantom barely misses you.
You barely miss the orc warrior.
The howler monkey hoots and howls with incredible vigour!
The phantom hits you.
The orc warrior hits you with a scimitar!
Ouch! That really hurt!
Your blood congeals into armour.
You take 17 damage, and have 14/31 hp.
MASSIVE DAMAGE!!
You fade into invisibility!
You block the phantom's attack.
You are very lightly contaminated with residual magic.
Unknown command.
You hit the orc warrior but do no damage.
The orc warrior hits you with a scimitar!!
Ouch! That really hurt!
You die...

▓?▓
▓|▓
▓)▓
▓.▓
▓.▓
▓[▓
▓.▓
▓W▓
▓@▓
▓o▓
▓h▓
▓Z▓
▓.▓
▓.▓
▓.▓
▓▲▓


You could see a phantom, an orc warrior, a howler monkey and a bat skeleton.

Vanquished Creatures
  An orc wizard (D)
  A worker ant (D)
  A dart slug (D)
  An orc (D)
  A bat skeleton (D)
  A giant cockroach (D)
  A goblin (D)
  3 kobolds (D)
  A frilled lizard (D)
  A leopard gecko skeleton (D)
12 creatures vanquished.

Notes
Turn   | Place    | Note
-------+----------+-------------------------------------------
     0 | D        | Goblin1989 the Demonspawn Fighter began the quest for the Orb.
     0 | D        | Reached XP level 1. HP: 18/18 MP: 1/1
    12 | D        | Gained mutation: You regenerate a little health from kills. [demonic ancestry]
    12 | D        | Reached XP level 2. HP: 24/24 MP: 2/2
    28 | D        | Gained mutation: When seriously injured, your bleeding wounds create armour. (AC +6) [demonic ancestry]
    28 | D        | Reached XP level 3. HP: 28/30 MP: 3/3
    39 | D        | Found a roughly hewn altar of Beogh.
    39 | D        | Found a snail-covered altar of Cheibriados.
    39 | D        | Found a shadowy altar of Dithmenos.
    39 | D        | Found a white marble altar of Elyvilon.
    39 | D        | Found a blossoming altar of Fedhas.
    39 | D        | Found an opulent altar of Gozag.
    40 | D        | Found a hazy altar of Hepliaklqana.
    41 | D        | Found a viscous altar of Jiyva.
    42 | D        | Found an ancient bone altar of Kikubaaqudgha.
    43 | D        | Found a corrupted altar of Lugonu.
    44 | D        | Found a burning altar of Makhleb.
    45 | D        | Found a sparkling altar of Nemelex Xobeh.
    46 | D        | Found an iron altar of Okawaru.
    47 | D        | Found a stormy altar of Qazlal.
    48 | D        | Found a sacrificial altar of Ru.
    49 | D        | Found a deep blue altar of Sif Muna.
    50 | D        | Found a bloodstained altar of Trog.
    51 | D        | Found a hide-covered altar of Uskayaw.
    52 | D        | Found a radiant altar of Vehumet.
    55 | D        | Found an ornate altar of the Wu Jian Council.
    56 | D        | Found a shimmering altar of Xom.
    57 | D        | Found a basalt altar of Yredelemnul.
    58 | D        | Found a glowing silver altar of Zin.
    59 | D        | Found a glowing golden altar of the Shining One.
    85 | D        | Became a worshipper of Cheibriados the Contemplative
   117 | D        | Got the +3 war axe "Xiruil" {chop, Int+6}
   127 | D        | Noticed a phantom
   127 | D        | Noticed an orc warrior
   134 | D        | Reached * piety under Cheibriados
   138 | D        | Slain by an orc warrior

Vault maps used:
D:        linesprint

Skill      XL: |  1  2  3 |
---------------+----------+-----
Maces & Flails | 2 4 |  4.6
Armour         | 3 4 |  4.1
Shields        | 3 4 |  4.1
Fighting       | 4 |  4.5

Action                   || total
-------------------------++-------
Melee: Flail             ||    30
  Use: Potion            ||     2
Armor: Scale mail        ||     7
Dodge: Dodged            ||     6
Block: Shield            ||    18

Table legend:
 A = Spawn XP
 B = Non-spawn XP
 C = Spawn XP percentage of total XP
 D = Spawn monster count
 E = Non-spawn monster count
 F = Spawn count percentage of total count
 G = Total turns spent on level
                    A         B        C        D         E        F      G
               +---------+---------+-------+---------+---------+-------+---------
         Total |       0 |      90 |   0.0 |       0 |      12 |   0.0 |   138
               +---------+---------+-------+---------+---------+-------+---------
             D |       0 |      90 |   0.0 |       0 |      12 |   0.0 |   138
               +---------+---------+-------+---------+---------+-------+---------

Vault maps used:
D:        linesprint
